[Event "January 2 Early 2024"]
[Site "https://www.chess.com"]
[Date "2024.01.02"]
[Round "5"]
[White "Svane, Frederik"]
[Black "Vachier-Lagrave, Maxime"]
[Result "1-0"]
[Board "2"]
[TimeControl "180+1"]
[WhiteFideId "12923044"]
[BlackFideId "623539"]
[WhiteElo "3031"]
[BlackElo "3196"]
[WhiteTeam "GER"]
[BlackTeam "FRA"]
[WhiteClock "0:00:10"]
[BlackClock "0:00:07"]

1. e4 c5 2. Nf3 d6 3. Bb5+ Bd7 4. c4 Nc6 5. Nc3 e5 6. d3 Nge7 7. h4 h5 8. a3 Ng6 9. b4 Be7 10. Nd5 Bg4 11. bxc5 dxc5 12. Nxe7 Qxe7 13. Bxc6+ bxc6 14. Bg5 f6 15. Be3 O-O 16. Qa4 Qd6 17. O-O-O a5 18. Kc2 Rfd8 19. Rd2 Nf8 20. Ng1 f5 21. f3 f4 22. Bf2 Bd7 23. Ne2 Ne6 24. Rb1 Qc7 25. Kc1 Rdb8 26. Rxb8+ Rxb8 27. Rb2 Rd8 28. Be1 Ra8 29. Qb3 Qd6 30. Kc2 Be8 31. Qb7 Rd8 32. Qb3 a4 33. Qc3 Ra8 34. Bf2 Qc7 35. Kc1 Kh7 36. g3 Bd7 37. gxf4 exf4 38. Qc2 Qd6 39. Rb7 Kh8 40. Qc3 Rb8 41. Rxb8+ Qxb8 42. Kc2 Kh7 43. Qb2 Qc7 44. Be1 Be8 45. Bc3 Qf7 46. Qb8 g5 47. hxg5 h4 48. Qe5 Kg6 49. Qh8 Kxg5 50. Ng1 Kg6 51. Qxh4 Bd7 52. Nh3 Qf8 53. Qg4+ Kf7 54. Ng5+ Ke7 55. Nxe6 Bxe6 56. Qg5+ Kd7 57. Be5 Kc8 58. Qxf4 Qg8 59. Qg3 Qh7 60. Qg7 Qxg7 61. Bxg7 Kd7 62. Kd2 Bh3 63. Ke3 Kc7 64. Bf8 Kb6 65. f4 Bg4 66. f5 1-0

[Event "January 2 Early 2024"]
[Site "https://www.chess.com"]
[Date "2024.01.02"]
[Round "5"]
[White "Zemlyanskii, Ivan"]
[Black "Paravyan, David"]
[Result "1/2-1/2"]
[Board "3"]
[TimeControl "180+1"]
[WhiteFideId "24249971"]
[BlackFideId "4194985"]
[WhiteElo "3013"]
[BlackElo "3104"]
[WhiteTeam "RUS"]
[BlackTeam "FID"]
[WhiteClock "0:00:21"]
[BlackClock "0:00:36"]

1. d4 d5 2. c4 dxc4 3. e3 Nf6 4. Bxc4 e6 5. Nf3 c5 6. O-O Nc6 7. Qe2 a6 8. a4 cxd4 9. Rd1 Be7 10. exd4 O-O 11. Nc3 Re8 12. Bf4 Nd5 13. Bg3 Ncb4 14. Ne5 Bd7 15. Qf3 Bf6 16. Nxd5 Nxd5 17. Bxd5 exd5 18. Qxd5 Bxe5 19. dxe5 Bg4 20. f3 Qxd5 21. Rxd5 Be6 22. Rd6 Rac8 23. Rad1 h5 24. Bf4 Rc4 25. R1d4 Rec8 26. Bd2 Kh7 27. a5 Rxd4 28. Rxd4 Rc5 29. Re4 Rc2 30. Bc3 g5 31. Rd4 Rc1+ 32. Kf2 Rc2+ 33. Rd2 Rxd2+ 34. Bxd2 Kg6 35. h3 h4 36. f4 g4 37. hxg4 Bxg4 38. Ke3 h3 39. gxh3 Bxh3 40. Be1 Kf5 41. Bh4 Bg2 42. Bg5 Bc6 43. Kd4 Ke6 44. b4 Bg2 45. Kc5 Be4 46. Kb6 Bf3 47. Kc7 Be4 48. Kd8 Bc6 49. Bh6 f6 50. Bg7 fxe5 51. Bxe5 Kf5 52. Kc7 Bb5 53. Kb6 Bf1 54. Kxb7 Be2 55. Kb6 Bf1 56. Kc5 Be2 57. Kc6 Bf1 58. Kd5 Be2 59. Kd4 Bf1 1/2-1/2

[Event "January 2 Early 2024"]
[Site "https://www.chess.com"]
[Date "2024.01.02"]
[Round "5"]
[White "Sadhwani, Raunak"]
[Black "Svane, Rasmus"]
[Result "1/2-1/2"]
[Board "4"]
[TimeControl "180+1"]
[WhiteFideId "35093487"]
[BlackFideId "4657101"]
[WhiteElo "3078"]
[BlackElo "2999"]
[WhiteTeam "IND"]
[BlackTeam "GER"]
[WhiteClock "0:00:59"]
[BlackClock "0:00:35"]

1. c4 e6 2. Nc3 d5 3. d4 a6 4. cxd5 exd5 5. Nf3 Nf6 6. Bg5 Be6 7. e3 Nbd7 8. Bd3 Bd6 9. Bf4 Bxf4 10. exf4 Bg4 11. O-O O-O 12. h3 Bxf3 13. Qxf3 c6 14. Rad1 Qb6 15. Rd2 Rfe8 16. g4 g6 17. Bb1 Re7 18. g5 Nh5 19. f5 Rae8 20. f6 Re1 21. Ne2 Rxf1+ 22. Kxf1 Qc7 23. Kg1 Nf8 24. Bf5 Nxf6 25. gxf6 gxf5 26. Qxf5 Ng6 27. Kf1 Re6 28. Rd3 Qd8 29. Rf3 Qe8 30. Re3 Rxe3 31. fxe3 Qxe3 32. Qc8+ Nf8 33. Qg4+ Ng6 34. Qc8+ Nf8 35. Qg4+ Ng6 36. Qc8+ 1/2-1/2

[Event "January 2 Early 2024"]
[Site "https://www.chess.com"]
[Date "2024.01.02"]
[Round "5"]
[White "Pranesh M"]
[Black "Caruana, Fabiano"]
[Result "1/2-1/2"]
[Board "5"]
[TimeControl "180+1"]
[WhiteFideId "35028600"]
[BlackFideId "2020009"]
[WhiteElo "2988"]
[BlackElo "3054"]
[WhiteTeam "IND"]
[BlackTeam "USA"]
[WhiteClock "0:00:07"]
[BlackClock "0:00:06"]

1. e4 c5 2. Nf3 e6 3. d4 cxd4 4. Nxd4 Nc6 5. Nc3 Qc7 6. Be3 a6 7. a3 b5 8. Nxc6 Qxc6 9. Bd3 Bb7 10. O-O Nf6 11. Kh1 h5 12. h3 Bc5 13. Bxc5 Qxc5 14. Qe2 d6 15. f4 h4 16. Kh2 g5 17. fxg5 Qxg5 18. Rf2 Nd7 19. a4 b4 20. Na2 Qe5+ 21. Kg1 Qxb2 22. Qf1 Qd4 23. Rb1 Ne5 24. Rxb4 Qa7 25. Kh1 a5 26. Rb5 Bc6 27. Rb1 Bxa4 28. Nc3 Bc6 29. Bb5 Qd7 30. Rd2 Rd8 31. Qf6 Rg8 32. Bxc6 Qxc6 33. Nb5 Nc4 34. Rf2 Qd7 35. Nd4 Ne5 36. Qxh4 Qe7 37. Qh7 Rf8 38. c3 Rc8 39. Nb5 Nc4 40. Qh6 a4 41. Rb4 a3 42. Ra2 f5 43. Nxa3 Nxa3 44. Rxa3 f4 45. Qh5+ Qf7 46. Qf3 e5 47. Rab3 Qe6 48. Rb7 Rf7 49. Qh5 Qf6 50. Rxf7 Qxf7 51. Qh8+ Qf8 52. Qh4 Qe7 53. Qh5+ Qf7 54. Qd1 Qe6 55. Rb6 Rd8 56. Qh5+ Qf7 57. Qh8+ Qf8 58. Qh4 Qe7 59. Qg4 Qf7 60. Kh2 Kf8 61. Rc6 Qg7 62. Qe6 Qg3+ 63. Kh1 Qe1+ 64. Kh2 Qg3+ 65. Kh1 Qe1+ 66. Kh2 Qg3+ 1/2-1/2

[Event "January 2 Early 2024"]
[Site "https://www.chess.com"]
[Date "2024.01.02"]
[Round "5"]
[White "Mamedyarov, Shakhriyar"]
[Black "Santos Latasa, Jaime"]
[Result "1-0"]
[Board "6"]
[TimeControl "180+1"]
[WhiteFideId "13401319"]
[BlackFideId "2293307"]
[WhiteElo "3047"]
[BlackElo "2948"]
[WhiteTeam "AZE"]
[BlackTeam "ESP"]
[WhiteClock "0:00:07"]
[BlackClock "0:00:01"]

1. d4 Nf6 2. Bg5 e6 3. e4 h6 4. Bxf6 Qxf6 5. Nc3 b6 6. e5 Qe7 7. Nf3 Bb7 8. Bd3 Nc6 9. d5 Nb4 10. Be4 O-O-O 11. O-O f5 12. exf6 gxf6 13. dxe6 dxe6 14. Bxb7+ Kxb7 15. Qe2 Nc6 16. a4 a5 17. Nb5 e5 18. c3 f5 19. Rfe1 Bg7 20. Nfd4 Qf6 21. Nxc6 Qxc6 22. b4 Ra8 23. Rad1 e4 24. g3 h5 25. h4 Be5 26. Qe3 axb4 27. cxb4 Rxa4 28. Nd4 Bxd4 29. Qxd4 Rc8 30. Qe5 Rxb4 31. Qxf5 Re8 32. Qxh5 Rb2 33. Re2 Rxe2 34. Qxe2 Qc5 35. Re1 b5 36. h5 b4 37. h6 Rh8 38. Qxe4+ Kb6 39. Qg6+ c6 40. Qg7 Qc3 41. Re4 Kb5 42. Kg2 Qxg7 43. hxg7 Rg8 44. f4 Rxg7 45. f5 b3 46. Kf3 b2 47. Re1 Kc4 48. g4 Kc3 49. Kf4 c5 50. f6 Rb7 51. g5 b1=Q 52. Rxb1 Rxb1 53. g6 Rf1+ 54. Ke5 c4 55. g7 Rg1 56. f7 Rxg7 57. f8=Q Rg3 58. Ke4 Rd3 59. Qf2 Kb3 60. Qb6+ Kc2 61. Qb4 Rc3 62. Kd4 Rd3+ 63. Kxc4 Re3 64. Qa4+ Kd2 65. Qa2+ Ke1 66. Kd4 Re2 67. Qb1+ Kd2 68. Qa1 Rf2 69. Qb2+ Ke1 70. Qb1+ Ke2 71. Ke4 Rg2 72. Qc2+ Kf1 73. Qd1+ Kf2 74. Kf4 Rg8 75. Qc2+ Kg1 76. Qb1+ Kh2 77. Qh7+ 1-0

[Event "January 2 Early 2024"]
[Site "https://www.chess.com"]
[Date "2024.01.02"]
[Round "5"]
[White "Donchenko, Alexander"]
[Black "Duda, Jan-Krzysztof"]
[Result "1/2-1/2"]
[Board "7"]
[TimeControl "180+1"]
[WhiteFideId "24603295"]
[BlackFideId "1170546"]
[WhiteElo "2928"]
[BlackElo "3043"]
[WhiteTeam "GER"]
[BlackTeam "POL"]
[WhiteClock "0:00:30"]
[BlackClock "0:00:23"]

1. Nf3 Nf6 2. g3 d5 3. Bg2 c5 4. O-O Nc6 5. d4 e6 6. c4 dxc4 7. dxc5 Qxd1 8. Rxd1 Bxc5 9. Nbd2 c3 10. bxc3 Bd7 11. Nb3 Be7 12. c4 O-O 13. Nfd4 Rac8 14. Nb5 Rfd8 15. Bf4 Be8 16. c5 Nd5 17. Bxd5 exd5 18. Nd6 Bxd6 19. Bxd6 d4 20. Nxd4 Nxd4 21. Rxd4 b6 22. cxb6 axb6 23. Be5 Rxd4 24. Bxd4 b5 25. a3 f6 26. f3 Rc2 27. Kf2 Bf7 28. Re1 Bc4 29. Bb6 Kf7 30. Ba5 h5 31. h3 Ra2 32. Bb4 f5 33. h4 g6 34. Ke3 Ke6 35. Kf4 Rxe2 36. Rxe2+ Bxe2 37. Ke3 Bc4 1/2-1/2

[Event "January 2 Early 2024"]
[Site "https://www.chess.com"]
[Date "2024.01.02"]
[Round "5"]
[White "Sarana, Alexey"]
[Black "Corrales Jimenez, Fidel"]
[Result "0-1"]
[Board "8"]
[TimeControl "180+1"]
[WhiteFideId "24133795"]
[BlackFideId "3506690"]
[WhiteElo "3043"]
[BlackElo "2925"]
[WhiteTeam "SRB"]
[BlackTeam "USA"]
[WhiteClock "0:00:18"]
[BlackClock "0:00:06"]

1. d4 Nf6 2. c4 g6 3. Nc3 d5 4. Bg5 Bg7 5. Bxf6 Bxf6 6. cxd5 c5 7. e3 cxd4 8. Bb5+ Kf8 9. exd4 Qb6 10. Nge2 a6 11. Bd3 Qxb2 12. O-O Qa3 13. Ne4 Kg7 14. Qd2 Rd8 15. d6 Nd7 16. Rab1 exd6 17. Rb3 Qa4 18. Nxd6 Qc6 19. Qf4 Nf8 20. Nxc8 Raxc8 21. Be4 Qd6 22. Qf3 b5 23. Rd1 Rc4 24. Bd3 Ra4 25. Bb1 Bxd4 26. Rbd3 Ne6 27. Bc2 Rb4 28. Bb3 Qe5 29. h4 Rd6 30. Kf1 Bc5 31. g3 Rxd3 32. Rxd3 Qf6 33. Qxf6+ Kxf6 34. Nc3 Rd4 35. Rf3+ Ke7 36. Nd5+ Kd6 37. Rxf7 a5 38. Nf6 a4 39. Ne8+ Ke5 40. f4+ Ke4 41. Bc2+ Kf3 42. Nf6 Rd2 43. Be4+ Kxg3 44. Ke1 Rf2 45. f5 Bb4+ 46. Kd1 Nd4 47. fxg6 Rf1# 0-1

[Event "January 2 Early 2024"]
[Site "https://www.chess.com"]
[Date "2024.01.02"]
[Round "5"]
[White "Klimkowski, Jan"]
[Black "Fedoseev, Vladimir"]
[Result "1/2-1/2"]
[Board "9"]
[TimeControl "180+1"]
[WhiteFideId "21856222"]
[BlackFideId "24130737"]
[WhiteElo "2916"]
[BlackElo "3032"]
[WhiteTeam "POL"]
[BlackTeam "SLO"]
[WhiteClock "0:00:12"]
[BlackClock "0:00:12"]

1. d4 Nf6 2. c4 e6 3. Nf3 b6 4. g3 Ba6 5. b3 Bb4+ 6. Bd2 Be7 7. Bg2 c6 8. O-O O-O 9. Qc2 d5 10. Rd1 Nbd7 11. Bf4 Rc8 12. Nbd2 c5 13. Qb2 Bb7 14. Rac1 a6 15. Ne5 cxd4 16. Qxd4 Bc5 17. Qa1 b5 18. Nxd7 Qxd7 19. Be5 Be7 20. cxd5 Bxd5 21. Rxc8 Rxc8 22. e4 Bc6 23. Nc4 Qa7 24. Bd4 Bc5 25. Bxc5 Qxc5 26. Nd6 Rd8 27. e5 Ng4 28. Ne4 Rxd1+ 29. Qxd1 Bxe4 30. Qd8+ Qf8 31. Qxf8+ Kxf8 32. Bxe4 Nxe5 33. b4 Nc4 34. Bb7 Nd6 35. Bf3 Ke7 36. Kf1 Kd7 37. Ke2 Kc7 38. Kd3 Kb6 39. Kd4 f6 40. Bg4 f5 41. Be2 Nf7 42. Bd1 Kc7 43. a4 bxa4 44. Bxa4 Kd6 45. f4 e5+ 46. fxe5+ Nxe5 47. Bd1 Nc6+ 48. Kc3 a5 49. bxa5 Nxa5 50. Kd4 Nc6+ 51. Ke3 Ke5 52. Bc2 Nd4 53. Bd3 g5 54. Kf2 g4 55. Bf1 h5 56. h3 Nb3 57. hxg4 hxg4 58. Ba6 Nd2 59. Bc8 Ne4+ 60. Kg2 Nd6 61. Bd7 Ke4 62. Be6 Ke3 63. Bd7 Kd4 64. Be6 Ke5 65. Bd7 Ne4 66. Bc6 Nc5 67. Bb5 Kf6 68. Bc4 Kg5 69. Ba2 Nd3 70. Be6 f4 71. Bxg4 Kxg4 72. gxf4 Nxf4+ 1/2-1/2

[Event "January 2 Early 2024"]
[Site "https://www.chess.com"]
[Date "2024.01.02"]
[Round "5"]
[White "Meier, Georg"]
[Black "Klymchuk, Andriy"]
[Result "1/2-1/2"]
[Board "10"]
[TimeControl "180+1"]
[WhiteFideId "4675789"]
[BlackFideId "14140063"]
[WhiteElo "3019"]
[BlackElo "2894"]
[WhiteTeam "URU"]
[BlackTeam "UKR"]
[WhiteClock "0:00:04"]
[BlackClock "0:00:17"]

1. Nf3 c5 2. c4 g6 3. Nc3 Bg7 4. g3 b6 5. Bg2 Bb7 6. O-O Nf6 7. b3 O-O 8. Bb2 d6 9. d4 cxd4 10. Qxd4 Ne4 11. Qe3 Nxc3 12. Bxc3 Bxc3 13. Qxc3 Nd7 14. Rfd1 a6 15. Rd4 h5 16. Qe3 Kg7 17. Rad1 Nf6 18. Ne1 Bxg2 19. Nxg2 Qc7 20. Qc3 Kg8 21. Ne3 b5 22. Rf4 Nd7 23. Nd5 Qd8 24. Qe3 Re8 25. Nb4 Qb6 26. Qxb6 Nxb6 27. cxb5 axb5 28. Nd5 Nxd5 29. Rxd5 Rxa2 30. e3 Rb8 31. Rb4 Ra5 32. h3 Kf8 33. g4 hxg4 34. hxg4 Ke8 35. g5 Kd7 36. Rf4 Rf8 37. Kg2 e6 38. Rd2 Ra3 39. Rb4 Kc6 40. Rc2+ Kb6 41. Rc3 Rh8 42. Rf4 Rh7 43. Kg3 d5 44. Rc8 Ra7 45. Rb8+ Rb7 46. Rf8 Rc7 47. b4 Kc6 48. Kf3 Kd6 49. Kg3 Rc1 50. R4xf7 Rg1+ 51. Kf3 Rxf7+ 52. Rxf7 Rxg5 53. Rb7 Rg1 54. Rxb5 g5 55. Rb8 g4+ 56. Ke2 Rb1 57. b5 Ke5 58. Rg8 Kf5 59. Rf8+ Ke5 60. Rg8 Kf5 61. Rf8+ Ke5 62. Rg8 1/2-1/2

[Event "January 2 Early 2024"]
[Site "https://www.chess.com"]
[Date "2024.01.02"]
[Round "5"]
[White "Bluebaum, Matthias"]
[Black "Maksimovic, Bojan"]
[Result "1/2-1/2"]
[Board "11"]
[TimeControl "180+1"]
[WhiteFideId "24651516"]
[BlackFideId "14408120"]
[WhiteElo "3011"]
[BlackElo "2867"]
[WhiteTeam "GER"]
[BlackTeam "BIH"]
[WhiteClock "0:00:20"]
[BlackClock "0:00:20"]

1. d4 a6 2. c4 b5 3. Nc3 b4 4. Ne4 e6 5. Ng3 c5 6. d5 exd5 7. cxd5 d6 8. e4 Nf6 9. Be2 Be7 10. Nf3 O-O 11. O-O Re8 12. h3 Bf8 13. Bf4 Nxe4 14. Bd3 Nxg3 15. fxg3 Nd7 16. Bxh7+ Kxh7 17. Ng5+ Kg8 18. Qh5 Nf6 19. Qxf7+ Kh8 20. Qg6 Re7 21. Rae1 Qe8 22. Qb1 g6 23. Bxd6 Bf5 24. Rxe7 Bxe7 25. Rxf5 gxf5 26. Qxf5 Qd7 27. Qg6 Rf8 28. Qh6+ Kg8 29. Qg6+ Kh8 30. Qh6+ Kg8 31. Qg6+ Kh8 1/2-1/2

[Event "January 2 Early 2024"]
[Site "https://www.chess.com"]
[Date "2024.01.02"]
[Round "5"]
[White "Salem, A.R. Saleh"]
[Black "Rustemov, Alexander"]
[Result "0-1"]
[Board "12"]
[TimeControl "180+1"]
[WhiteFideId "9301348"]
[BlackFideId "4119002"]
[WhiteElo "3009"]
[BlackElo "2853"]
[WhiteTeam "UAE"]
[BlackTeam "RUS"]
[WhiteClock "0:00:02"]
[BlackClock "0:00:05"]

1. d4 d5 2. c4 c6 3. Nf3 Nf6 4. Nc3 a6 5. g3 b5 6. cxd5 cxd5 7. Bg2 Bb7 8. O-O e6 9. Ne5 Be7 10. Nd3 Qb6 11. e3 Ne4 12. Bd2 O-O 13. b4 Nd6 14. a4 Nc4 15. Nc5 Bc6 16. axb5 axb5 17. Rxa8 Bxa8 18. Ne2 Bc6 19. Nf4 Nd7 20. Bc3 Nf6 21. Qc2 Ra8 22. Ra1 Rxa1+ 23. Bxa1 Qa7 24. Qc1 Qa2 25. Nfd3 h5 26. h3 g6 27. Bf3 Kg7 28. Bd1 Qa7 29. Bc3 Kg8 30. Bf3 Ne4 31. Be1 Qa2 32. Bd1 Bd6 33. Kf1 Nxg3+ 34. fxg3 Qh2 35. Nf2 Qxg3 36. Ke2 e5 37. dxe5 Bxe5 38. Ncd3 d4 39. e4 Bd6 40. Bd2 Bd7 41. Bf4 Bxf4 42. Qxf4 Qg2 43. Qf3 Qg1 44. e5 Bf5 45. Qd5 Ne3 46. Qxd4 Nxd1 47. Qd8+ Kh7 48. Nxd1 Bxh3 49. Qf6 Bg4+ 50. Kd2 Qxd1+ 51. Kc3 Qf3 52. Qe7 Kg8 53. Kd4 Bf5 54. Nc5 Qf2+ 55. Kd5 h4 56. Kc6 h3 57. Qd8+ Kh7 58. Qf6 Kg8 59. Qd8+ Kh7 60. Qf6 h2 61. Qxf7+ Kh6 62. Qf8+ Kg5 63. Qe7+ Kg4 64. Qh7 Qg2+ 65. Kb6 h1=Q 66. Qc7 Qd5 67. e6 Bxe6 68. Qe7 Bf5 69. Qc7 Qhf3 70. Ka5 Qc3 71. Kxb5 Qcc4+ 72. Ka5 Qa2+ 73. Kb6 Qdc4 74. Qd6 Qxb4+ 75. Kc6 Qa8+ 76. Kc7 Qbb8# 0-1

[Event "January 2 Early 2024"]
[Site "https://www.chess.com"]
[Date "2024.01.02"]
[Round "5"]
[White "Pakleza, Zbigniew"]
[Black "Kramnik, Vladimir"]
[Result "0-1"]
[Board "13"]
[TimeControl "180+1"]
[WhiteFideId "1119290"]
[BlackFideId "4101588"]
[WhiteElo "2821"]
[BlackElo "2986"]
[WhiteTeam "POL"]
[BlackTeam "RUS"]
[WhiteClock "0:00:05"]
[BlackClock "0:00:05"]

1. d4 d5 2. Bf4 c5 3. c3 Nc6 4. e3 Nf6 5. Nd2 Bf5 6. Ngf3 e6 7. Qb3 Qc8 8. Nh4 Bg6 9. Nxg6 hxg6 10. Be2 a6 11. dxc5 Bxc5 12. c4 Bb4 13. cxd5 exd5 14. a3 Bxd2+ 15. Kxd2 Ne4+ 16. Ke1 O-O 17. Qxd5 Re8 18. f3 Nf6 19. Qc5 Nh5 20. Kf2 Nxf4 21. exf4 Qd8 22. Rad1 Qf6 23. Qc3 Qxf4 24. g3 Qh6 25. Bc4 Ne5 26. Bd5 Rac8 27. Qd2 g5 28. h4 Qb6+ 29. Kg2 g4 30. fxg4 Nxg4 31. Rhe1 Ne3+ 32. Rxe3 Qxe3 33. Qxe3 Rxe3 34. Bxb7 Rc2+ 35. Kh3 a5 36. b4 a4 37. b5 Rb2 38. Bc6 Rxa3 39. Rd8+ Kh7 40. Ra8 Rbb3 41. h5 Rxg3+ 42. Kh4 Rh3+ 43. Kg4 Rag3+ 44. Kf4 a3 45. Be4+ g6 46. hxg6+ fxg6 47. b6 Rb3 48. b7 Rh4+ 49. Ke5 Rb5+ 50. Kd6 Rxe4 51. b8=Q Rxb8 52. Rxb8 Ra4 53. Rb1 a2 54. Ra1 Kh6 55. Kc5 g5 56. Kb5 Ra8 57. Kc4 g4 58. Kd3 Kg5 59. Ke3 Ra3+ 60. Kf2 Kf4 61. Kg2 g3 62. Rf1+ Kg4 63. Ra1 Ra4 64. Kg1 Kh3 65. Kh1 Ra3 66. Kg1 Rb3 67. Re1 Rb1 68. Kf1 0-1

[Event "January 2 Early 2024"]
[Site "https://www.chess.com"]
[Date "2024.01.02"]
[Round "5"]
[White "Drygalov, Sergey"]
[Black "Khripachenko, Alexander"]
[Result "1-0"]
[Board "14"]
[TimeControl "180+1"]
[WhiteFideId "24171743"]
[BlackFideId "54184975"]
[WhiteElo "2945"]
[BlackElo "2803"]
[WhiteTeam "RUS"]
[BlackTeam "FID"]
[WhiteClock "0:00:27"]
[BlackClock "0:00:00"]

1. d4 d5 2. c4 e6 3. Nf3 Nf6 4. Nc3 Be7 5. Bf4 O-O 6. e3 b6 7. cxd5 Nxd5 8. Nxd5 exd5 9. Bd3 c5 10. O-O Nc6 11. Ne5 Nxe5 12. Bxe5 c4 13. Bc2 Be6 14. Qf3 Qd7 15. h3 b5 16. e4 Rad8 17. Rfe1 dxe4 18. Qxe4 g6 19. Qe3 Rfe8 20. Rad1 Bd5 21. Qh6 Bf8 22. Qf4 Qc6 23. f3 Re6 24. Qg3 Bb4 25. Re2 f6 26. Bxg6 hxg6 27. Qxg6+ Kf8 28. Qh6+ Kg8 29. Qg6+ Kf8 30. Qf5 Be7 31. Rf2 c3 32. bxc3 Qxc3 33. Bf4 Kf7 34. Qh7+ Ke8 35. Rc2 Qa3 36. Rc7 1-0

[Event "January 2 Early 2024"]
[Site "https://www.chess.com"]
[Date "2024.01.02"]
[Round "5"]
[White "Firouzja, Alireza"]
[Black "NevorLegov"]
[Result "1-0"]
[Board "15"]
[TimeControl "180+1"]
[WhiteFideId "12573981"]
[WhiteElo "3148"]
[BlackElo "2941"]
[WhiteTeam "FRA"]
[WhiteClock "0:01:20"]
[BlackClock "0:00:43"]

1. d4 d5 2. Bg5 f6 3. Bf4 Nc6 4. Nf3 e5 5. dxe5 g5 6. Bg3 g4 7. Nfd2 fxe5 8. e4 d4 9. Bb5 Bd6 10. Nc4 Qf6 11. O-O Ne7 12. f4 gxf3 13. Nbd2 O-O 14. Rxf3 Qg7 15. Rxf8+ Qxf8 16. Qh5 Qf7 17. Qxf7+ Kxf7 18. Rf1+ Kg7 19. Nf3 a6 20. Bxc6 Nxc6 21. Ncxe5 Nxe5 22. Bxe5+ Bxe5 23. Nxe5 Be6 24. b3 Re8 25. Nd3 b6 26. h4 Bf7 27. Rf4 Bg6 28. Nf2 h5 29. g4 hxg4 30. Rxg4 Kh6 31. Kg2 Re5 32. Kf3 Rc5 33. Rg2 Bh5+ 34. Kf4 Bd1 35. Nxd1 1-0

[Event "January 2 Early 2024"]
[Site "https://www.chess.com"]
[Date "2024.01.02"]
[Round "5"]
[White "Aronian, Levon"]
[Black "Jia, Haoxiang"]
[Result "1-0"]
[Board "16"]
[TimeControl "180+1"]
[WhiteFideId "13300474"]
[BlackFideId "8602999"]
[WhiteElo "3099"]
[BlackElo "2651"]
[WhiteTeam "USA"]
[BlackTeam "CHN"]
[WhiteClock "0:01:52"]
[BlackClock "0:01:20"]

1. e4 c5 2. Nf3 e6 3. c3 Nf6 4. Bd3 d5 5. e5 Nfd7 6. Bc2 Nc6 7. d4 b5 8. O-O Qb6 9. a3 a5 10. Re1 h6 11. Be3 Be7 12. Nbd2 c4 13. Nf1 Bb7 14. Ng3 b4 15. Nh5 g6 16. Ng7+ Kf8 17. Nxe6+ fxe6 18. Bxg6 Kg7 19. Bh5 Rag8 20. axb4 axb4 21. Nd2 b3 22. Qg4+ Kh7 23. Qxe6 Nf8 24. Qf5+ Ng6 25. Qf7+ 1-0

[Event "January 2 Early 2024"]
[Site "https://www.chess.com"]
[Date "2024.01.02"]
[Round "5"]
[White "Zou, Chen"]
[Black "Martinez Alcantara, Jose Eduardo"]
[Result "1-0"]
[Board "17"]
[TimeControl "180+1"]
[WhiteFideId "8610959"]
[BlackFideId "3805662"]
[WhiteElo "2741"]
[BlackElo "3062"]
[WhiteTeam "CHN"]
[BlackTeam "PER"]
[WhiteClock "0:00:13"]
[BlackClock "0:00:20"]

1. e4 c5 2. Nf3 d6 3. d4 cxd4 4. Nxd4 a6 5. Nc3 e6 6. Be2 Nf6 7. O-O b5 8. a3 Bb7 9. f3 Nbd7 10. Be3 Be7 11. Qd2 O-O 12. Rad1 Rc8 13. Kh1 Ne5 14. Nb3 Qc7 15. Qe1 Rfd8 16. Qf2 Ned7 17. Bd4 d5 18. exd5 Nxd5 19. Nxd5 Bxd5 20. Bd3 Bf6 21. Bxf6 Nxf6 22. Nd4 g6 23. Qh4 Kg7 24. Ne2 Qe5 25. Qd4 Qxd4 26. Nxd4 e5 27. Ne2 e4 28. fxe4 Bxe4 29. Bxe4 Rxd1 30. Rxd1 Nxe4 31. Rd4 Nc5 32. Nc3 Ne6 33. Rd2 h5 34. Kg1 h4 35. Kf2 Rc5 36. Ne4 Rf5+ 37. Ke3 Rf1 38. Nd6 Rb1 39. c3 Nc5 40. b4 Ne6 41. c4 bxc4 42. Nxc4 Re1+ 43. Kf2 Ra1 44. Rd6 Ra2+ 45. Rd2 Ra1 46. Rd6 Nc7 47. Rc6 Ra2+ 48. Kf3 Nd5 49. Rd6 Nc3 50. Rxa6 Nb5 51. a4 Nd4+ 52. Ke4 Ne6 53. a5 Rxg2 54. Rxe6 fxe6 55. a6 Rf2 56. a7 Rf8 57. b5 g5 58. b6 g4 59. b7 g3 60. b8=Q 1-0

[Event "January 2 Early 2024"]
[Site "https://www.chess.com"]
[Date "2024.01.02"]
[Round "5"]
[White "Lewtak, Damian"]
[Black "Makarian, Rudik"]
[Result "0-1"]
[Board "18"]
[TimeControl "180+1"]
[WhiteFideId "1141724"]
[BlackFideId "44105681"]
[WhiteElo "2736"]
[BlackElo "3032"]
[WhiteTeam "POL"]
[BlackTeam "FID"]
[WhiteClock "0:00:01"]
[BlackClock "0:00:56"]

1. e4 c5 2. Nf3 d6 3. Bb5+ Nd7 4. O-O a6 5. Bxd7+ Bxd7 6. Re1 Nf6 7. c3 Bc6 8. d3 e5 9. Nbd2 Be7 10. Nf1 O-O 11. Ng3 b5 12. d4 exd4 13. cxd4 Re8 14. d5 Bd7 15. e5 dxe5 16. d6 Bf8 17. Nxe5 Be6 18. Bg5 Qxd6 19. Qf3 Bd5 20. Qf5 h6 21. Bf4 Qe6 22. a4 Qxf5 23. Nxf5 Rad8 24. axb5 axb5 25. h4 c4 26. g4 Be6 27. f3 Nd5 28. Bg3 Nb4 29. Ra5 Nd3 30. Nxd3 cxd3 31. Rxb5 Bxf5 32. Rxe8 Rxe8 33. gxf5 d2 0-1

[Event "January 2 Early 2024"]
[Site "https://www.chess.com"]
[Date "2024.01.02"]
[Round "5"]
[White "Iturrizaga Bonelli, Eduardo"]
[Black "Vaibhav Jayant Raut"]
[Result "0-1"]
[Board "19"]
[TimeControl "180+1"]
[WhiteFideId "3901211"]
[BlackFideId "5089034"]
[WhiteElo "3019"]
[BlackElo "2736"]
[WhiteTeam "ESP"]
[BlackTeam "IND"]
[WhiteClock "0:00:04"]
[BlackClock "0:00:03"]

1. c4 c5 2. Nf3 Nf6 3. Nc3 Nc6 4. d4 cxd4 5. Nxd4 g6 6. g3 Bg7 7. Bg2 O-O 8. O-O Qa5 9. e3 d6 10. Bd2 Bd7 11. Re1 Rfc8 12. b3 a6 13. Rc1 Ne5 14. Qe2 Rab8 15. h3 Qd8 16. a4 h5 17. Red1 Qb6 18. Be1 Nc6 19. Rb1 Nb4 20. Qd2 Ra8 21. a5 Qc7 22. Rdc1 Rab8 23. e4 Qd8 24. Nd5 Nc6 25. Ne2 h4 26. g4 Qf8 27. Nb6 Rd8 28. f4 Nxg4 29. hxg4 Bxg4 30. Bxh4 Nxa5 31. Qxa5 Bxe2 32. Bf2 Bf6 33. Nd5 Bg7 34. Qd2 Bg4 35. Bh4 f6 36. Rf1 Bd7 37. Rbe1 b5 38. e5 dxe5 39. fxe5 Bf5 40. exf6 exf6 41. Qf2 Rd7 42. Be4 Bh3 43. Bxg6 Bxf1 44. Rxf1 bxc4 45. Qf5 Qc5+ 46. Ne3 Qxe3+ 47. Bf2 Qe7 48. Qh5 Qe5 49. Qh7+ Kf8 50. bxc4 Qg5+ 51. Kh1 Rb3 52. Be4 Bh6 53. Bg2 Rxh7 54. Bc5+ Kg8 55. Bd5+ Kh8 56. Bd4 Bg7# 0-1

[Event "January 2 Early 2024"]
[Site "https://www.chess.com"]
[Date "2024.01.02"]
[Round "5"]
[White "Syaputra, Arifa Rizki"]
[Black "Movahed, Sina"]
[Result "0-1"]
[Board "20"]
[TimeControl "180+1"]
[WhiteFideId "7105100"]
[BlackFideId "42520835"]
[WhiteElo "2731"]
[BlackElo "3002"]
[WhiteTeam "INA"]
[BlackTeam "IRI"]
[WhiteClock "0:00:19"]
[BlackClock "0:01:15"]

1. Nf3 Nf6 2. b3 g6 3. Bb2 Bg7 4. e3 O-O 5. Be2 c5 6. O-O d5 7. d4 Ne4 8. Qc1 cxd4 9. Bxd4 Bxd4 10. Nxd4 e5 11. Nf3 Nc6 12. Rd1 Be6 13. c4 d4 14. Qb2 Qf6 15. Nbd2 Nc5 16. exd4 exd4 17. Nf1 Rad8 18. Ng3 a5 19. a3 Rfe8 20. Rd2 Kg7 21. Rad1 d3 22. Bf1 Bg4 23. b4 Bxf3 24. gxf3 Qxb2 25. Rxb2 Na4 26. Rb3 Nd4 27. Rbxd3 Nb2 28. Rxd4 Nxd1 29. Rxd8 Rxd8 30. c5 Nc3 31. Bc4 axb4 32. axb4 Rd4 0-1

[Event "January 2 Early 2024"]
[Site "https://www.chess.com"]
[Date "2024.01.02"]
[Round "5"]
[White "Pap, Gyula"]
[Black "Arabidze, Meri"]
[Result "1/2-1/2"]
[Board "21"]
[TimeControl "180+1"]
[WhiteFideId "725323"]
[BlackFideId "13604040"]
[WhiteElo "2990"]
[BlackElo "2726"]
[WhiteTeam "HUN"]
[BlackTeam "GEO"]
[WhiteClock "0:00:02"]
[BlackClock "0:00:15"]

1. e4 c5 2. Nf3 e6 3. d4 cxd4 4. Qxd4 Nc6 5. Qe3 d6 6. Nc3 a6 7. Bd2 Nf6 8. O-O-O Be7 9. h3 O-O 10. e5 dxe5 11. Nxe5 Qc7 12. Ng4 b5 13. Kb1 Bb7 14. Nxf6+ Bxf6 15. Ne4 Be7 16. Bc1 Rac8 17. Be2 Nb4 18. c3 Nd5 19. Qg3 Qxg3 20. Nxg3 b4 21. c4 Nb6 22. b3 Bxg2 23. Rhg1 Bxh3 24. Bf3 Rcd8 25. Be3 Nd7 26. Rh1 Bf5+ 27. Nxf5 exf5 28. Rd5 g6 29. Ra5 Bf6 30. Rxa6 Bc3 31. Kc2 Ne5 32. Bd5 Ng4 33. a4 Rfe8 34. Rh3 f4 35. Bxf4 Re2+ 36. Kb1 Nxf2 37. Rf3 Re1+ 38. Kc2 Re2+ 39. Kb1 Re1+ 40. Kc2 Re2+ 41. Kc1 Re1+ 42. Kc2 1/2-1/2